 Dungeon Crawl Stone Soup version 0.31-a0-210-gccc998df9b (webtiles) character file.

Game seed: 13460985766300588760

90640 pokeman the Sorcerer (level 15, -3/84 HPs)
             Began as a Deep Elf Hedge Wizard on June 30, 2023.
             Was the Champion of Vehumet.
             Killed from afar by an ice dragon (40 damage)
             ... with a blast of cold
             ... on level 5 of the Lair of Beasts.
             The game lasted 01:16:27 (27981 turns).

pokeman the Sorcerer (Deep Elf Hedge Wizard)       Turns: 27981, Time: 01:16:27

Health: -3/84      AC: 24    Str: 13    XL:     15   Next: 52%
Magic:  32/43      EV:  9    Int: 31    God:    Vehumet [******]
Gold:   1591       SH:  0    Dex: 14    Spells: 17/59 levels left

rFire   . . .        b - +5 sling "Emofuomo" {drain, Will- Str+4}
rCold   x x x        (no shield)
rNeg    + . .        X - +0 fire dragon scales "Umautz" {rElec rF++ rC- Regen+}
rPois   +            c - +0 hat
rElec   +            B - scarf {repulsion}
rCorr   .            Y - +2 pair of gloves of the Spheres {Str+2}
SInv    .            e - +2 pair of boots
Will    .....        Q - amulet of Elemental Vulnerability {rPois rF-- rC-- AC+8}
Stlth   +            y - ring of wizardry
HPRegen 1.14/turn    W - ring "Zyntuqao" {rN+ Int+4}
MPRegen 0.28/turn

%: repel missiles, wizardry (x1)
@: studying Short Blades
A: no striking features
a: Renounce Religion


You were on level 5 of the Lair of Beasts.
You worshipped Vehumet.
Vehumet was exalted by your worship.
You visited 3 branches of the dungeon, and saw 21 of its levels.
You also visited: Gauntlet.

You collected 1591 gold pieces.

Inventory:

Hand Weapons
 b - the +5 sling "Emofuomo" (weapon) {drain, Will- Str+4}
   (You found it on level 4 of the Dungeon)

   Str:       It affects your strength (+4).
   Will:      It decreases your willpower.
 u - the +7 trident of Extremism {protect, rCorr Int+3}
   (You took it off a spriggan on level 3 of the Lair of Beasts)

   Int:       It affects your intelligence (+3).
   rCorr:     It protects you from acid and corrosion.
Missiles
 N - a curare-tipped dart
Armour
 c - a +0 hat (worn)
 e - a +2 pair of boots (worn)
 B - a scarf of repulsion (worn)
 X - the +0 fire dragon scales "Umautz" (worn) {rElec rF++ rC- Regen+}
   (You found it in a Gauntlet)

   rF:        It greatly protects you from fire.
   rC:        It makes you vulnerable to cold.
   rElec:     It insulates you from electricity.
   Regen:     It increases your rate of health regeneration.
 Y - the +2 pair of gloves of the Spheres (worn) {Str+2}
   (You found it in a Gauntlet)

   Str:       It affects your strength (+2).
Magical Staves
 A - a staff of conjuration
Jewellery
 p - a ring of resist corrosion
 r - a ring of see invisible
 x - a +4 ring of slaying
 y - a ring of wizardry (left hand)
 z - a ring of poison resistance
 Q - the amulet of Elemental Vulnerability (around neck) {rPois rF-- rC-- AC+8}
   (You found it on level 10 of the Dungeon)

   [amulet of nothing]

   AC:        It affects your AC (+8).
   rF:        It makes you very vulnerable to fire.
   rC:        It makes you very vulnerable to cold.
   rPois:     It protects you from poison.
 U - the ring of Mirth {rElec rF- Will++ Str+6 Stlth+}
   (You took it off a minotaur in a Gauntlet)

   [ring of strength]

   Str:       It affects your strength (+6).
   rF:        It makes you vulnerable to fire.
   rElec:     It insulates you from electricity.
   Will:      It greatly increases your willpower.
   Stlth:     It makes you more stealthy.
 W - the ring "Zyntuqao" (right hand) {rN+ Int+4}
   (You found it in a Gauntlet)

   [ring of positive energy]

   Int:       It affects your intelligence (+4).
   rN:        It protects you from negative energy.
Wands
 a - a wand of quicksilver (1)
 i - a wand of flame (17)
 n - a wand of paralysis (16)
 o - a wand of digging (2)
 O - a wand of polymorph (2)
 T - a wand of roots (18)
Scrolls
 g - 15 scrolls of teleportation
 h - 2 scrolls of blinking
 k - a scroll of enchant armour
 m - 3 scrolls of identify
 s - a scroll of amnesia
 w - 5 scrolls of revelation
 J - 3 scrolls of fog
 K - 5 scrolls of brand weapon
Potions
 d - 6 potions of magic
 f - 11 potions of heal wounds
 j - a potion of resistance
 l - 2 potions of cancellation
 q - 4 potions of curing
 t - a potion of ambrosia
 v - a potion of attraction
 C - a potion of haste
 S - 4 potions of mutation


   Skills:
 - Level 6.0 Fighting
 + Level 6.1 Armour
 - Level 3.2 Dodging
 - Level 3.2 Stealth
 - Level 6.0 Shields
 * Level 22.6 Spellcasting
 + Level 13.9 Conjurations
 - Level 8.0 Summonings
 - Level 1.0 Necromancy
 - Level 1.1 Translocations
 - Level 1.0 Transmutations
 + Level 11.1 Fire Magic
 - Level 1.0 Ice Magic
 - Level 1.0 Air Magic
 - Level 1.0 Earth Magic
 - Level 1.0 Poison Magic
 - Level 1.0 Evocations


You had 17 spell levels left.
You knew the following spells:

 Your Spells              Type           Power      Damage    Failure   Level
a - Magic Dart            Conj           100%       1d8       0%          1
b - Mephitic Cloud        Conj/Pois/Air  62%        N/A       1%          3
c - Call Imp              Summ           100%       N/A       1%          2
d - Blink                 Tloc           82%        N/A       1%          2
e - Foxfire               Conj/Fire      100%       2x1d9     1%          1
f - Fireball              Conj/Fire      42%        3d17      1%          5
g - Irradiate             Conj/Tmut      34%        3d23      1%          5
h - Starburst             Conj/Fire      42%        6d12      1%          6
i - Fire Storm            Conj/Fire      42%        8d11      89%         9
j - Stone Arrow           Conj/Erth      100%       3d13      1%          3
k - Freezing Cloud        Conj/Ice/Air   31%        6-21      1%          5

Your spell library contained the following spells:

 Spells                   Type           Power      Damage    Failure   Level
 Eringya's Noxious Bog    Tmut/Pois      20%        N/A       41%         6
 Sandblast                Erth           82%        2d17      1%          1
 Slow                     Hex            100%       N/A       1%          1
 Cigotuvi's Dreadful Rot  Necr/Pois/Air  82%        N/A       1%          2
 Lesser Beckoning         Tloc           82%        N/A       1%          2
 Passwall                 Tmut/Erth      34%        N/A       1%          2
 Sublimation of Blood     Necr           41%        N/A       1%          2
 Wereblood                Tmut           41%        N/A       1%          2
 Call Canine Familiar     Summ           71%        N/A       1%          3
 Inner Flame              Hex/Fire       62%        N/A       1%          3
 Volatile Blastmotes      Fire/Tloc      100%       2d18      1%          3
 Flame Wave               Conj/Fire      85%        2d18      1%          4
 Gell's Gravitas          Tloc           41%        N/A       3%          3
 Teleport Other           Tloc           41%        N/A       3%          3
 Portal Projectile        Hex/Tloc       76%        N/A       4%          3
 Plasma Beam              Fire/Air       32%        2x1d45    7%          6
 Summon Forest            Summ/Tloc      29%        N/A       9%          5
 Summon Mana Viper        Hex/Summ       56%        N/A       11%         5
 Summon Cactus Giant      Summ           35%        N/A       11%         6
 Manifold Assault         Tloc           41%        N/A       12%         4
 Leda's Liquefaction      Hex/Erth       19%        N/A       16%         4
 Blade Hands              Tmut           20%        N/A       32%         5
 Summon Hydra             Summ           35%        N/A       50%         7
 Dispersal                Tloc           20%        N/A       86%         6
 Dragon Form              Tmut           20%        N/A       100%        7
 Storm Form               Tmut/Air       20%        N/A       100%        7
 Disjunction              Tloc           20%        N/A       100%        8
 Chain Lightning          Conj/Air       34%        3d46      100%        9
 Shatter                  Erth           20%        3d18*     100%        9


Dungeon Overview and Level Annotations

Branches:
Dungeon (15/15)            Temple (1/1) D:5            Lair (5/5) D:8
  Swamp (0/4) Lair:2       Spider (0/4) Lair:2        Slime (0/5) Lair:5
    Orc (0/2) D:11         Vaults (0/5) D:13        Gauntlet (visited)
 Depths: D:15

Altars:
Dithmenos
Elyvilon
Fedhas
Gozag
Hepliaklqana
Kikubaaqudgha
Makhleb
Nemelex Xobeh
Okawaru
Ru
Sif Muna
Uskayaw
Vehumet
Wu Jian
Xom
Zin
Jiyva

Shops:
D:6 (   D:8 *

Annotations:
D:15 Azrael


Message History

You see here a lindwurm corpse.
Found a buckler.
You see here a hornet corpse.
You now have 1591 gold pieces (gained 29).
Found a pair of gloves.
Unknown command.
Found 2 atropa-tipped darts.
Found a morningstar.
Found 6 datura-tipped darts.
The ice dragon roars deafeningly!
Could not explore, unopened runed door.
Casting: Fireball (safe; 1% risk of failure)
Confirm with . or Enter, or press ? or * to list all spells.
A tiny devil pulls itself out of the air.
You open the door.
Your cerulean imp barely misses the ice dragon.
You swap places.
The ice dragon breathes frost at you.
The blast of cold hits your cerulean imp!!
Your cerulean imp dies!
Your cerulean imp disappears in a puff of smoke!
The blast of cold hits you!!!
You feel a terrible chill!
Ouch! That really hurt!
Casting: Call Imp (safe; 1% risk of failure)
Confirm with . or Enter, or press ? or * to list all spells.
Aiming: Fireball (safe; 1% risk of failure)
Press: ? - help, Shift-Dir - straight line, f - ice dragon
Aim: an ice dragon (catching its breath)
The fireball explodes!
The fireball engulfs the ice dragon!!!
The ice dragon is burned terribly!
The ice dragon is heavily wounded.
Unknown command.
Casting: Fireball (safe; 1% risk of failure)
Confirm with . or Enter, or press ? or * to list all spells.
Casting: Starburst (dangerous; 1% risk of failure)
Press: ? - help, Dir - look around, f - activate The bolt of fire misses the ice dragon.
The ice dragon breathes frost at you. The blast of cold hits you!!!
You feel a terrible chill!
You die...

.####.....#.....P...#
#.......#
..........#.........#
#.......#
.###....P#####.#...##
##[....## .#.#...####
##.....## #......##
...#...###$ ##.##..#
##....#.#
..##..###$$$ ###...#
###...#. .###P.# #$$$
##..## #.#...#
..##### #$.$ ##..##
####†.. ....###
$$###@÷..# ##†...
......# #'#8D.###
####..... #.##.##
##...## #.#.....#
###### #...###
###.....###
###...#####.....#..##
##...#.#....###....
##........## ##...
###...#### #### #####


You could see an ice dragon (catching breath).

Vanquished Creatures
  Nessos (D:13)
  A minotaur (Gauntlet)
  Snorg (D:13)
  7 hydras
  The ghost of Gymmif the Carver, a journeyman DsGl of Qazlal (Lair:3)
  7 vault guards (D:13)
  A hell beast (Gauntlet)
  3 boulder beetles
  3 two-headed ogres
  5 centaur warriors (D:14)
  An anaconda (Lair:5)
  2 tengu warriors
  Urug (D:11)
  7 death yaks (Lair:3)
  Pikel (D:9)
  2 lindwurms (Lair:5)
  5 ugly things
  A deep elf pyromancer (D:12)
  2 manticores
  2 cyclopes
  14 slime creatures
  A smoke demon (Gauntlet)
  3 black mambas
  14 elephants
  7 torpor snails
  9 cane toads
  Joseph (D:8)
  4 gargoyles
  Maggie (D:8)
  A kobold demonologist (D:12)
  An unseen horror (D:11)
  10 komodo dragons
  Psyche (D:8)
  9 rime drakes
  A red devil (Gauntlet)
  The ghost of ders the Digger, a novice GrEE (D:5)
  A queen bee (Gauntlet)
  3 tyrant leeches (Lair:5)
  9 polar bears (Lair:5)
  4 raiju (Lair:5)
  15 blink frogs
  9 hornets
  10 dream sheep
  A centaur simulacrum (D:14)
  3 spriggans (Lair:3)
  6 culicivoras (Lair:2)
  A water elemental (D:11)
  A wraith (D:13)
  A shadow (D:11)
  12 wyverns
  15 basilisks
  60 yaks
  Grum (D:10)
  A basilisk (shapeshifter) (D:14)
  A fire elemental (D:15)
  4 vampire mosquitoes (D:13)
  A steam dragon (D:6)
  An acid dragon (D:9)
  7 wargs
  16 water moccasins
  16 hell hounds
  A sky beast (D:6)
  An ice beast (D:6)
  2 orc warriors
  5 ogres
  21 black bears
  25 wolves
  9 centaurs
  2 phantoms
  3 lemures (D:9)
  3 kobold brigands
  Blork the orc (D:4)
  14 bullfrogs
  2 gnoll sergeants
  3 scorpions
  8 wights
  15 killer bees
  6 howler monkeys
  4 electric eels
  4 crimson imps (Gauntlet)
  A jelly (D:7)
  5 hounds
  4 orc priests
  5 iguanas
  8 orc wizards
  14 hell rats
  6 gnolls
  8 adders
  15 river rats (Lair:3)
  2 white imps
  2 ufetubi
  A worm (D:5)
  3 dart slugs
  24 orcs
  9 endoplasms
  2 giant cockroaches
  5 goblins
  5 hobgoblins
  8 jackals
  11 quokkas
  3 ball pythons
  12 bats
  5 frilled lizards
  28 kobolds
  17 rats
663 creatures vanquished.

Vanquished Creatures (collateral kills)
  A sleepcap (D:6)
  A hobgoblin (D:3)
2 creatures vanquished.

Vanquished Creatures (others)
  An electric eel (D:11)
  77 foxfires
78 creatures vanquished.

Grand Total: 743 creatures vanquished

Notes
Turn   | Place    | Note
-------+----------+-------------------------------------------
     0 | D:1      | pokeman the Deep Elf Hedge Wizard began the quest for the
                  | Orb.
     0 | D:1      | Reached XP level 1. HP: 10/10 MP: 7/7
   134 | D:1      | Reached XP level 2. HP: 13/15 MP: 0/9
   792 | D:1      | Reached skill level 5 in Spellcasting
  1037 | D:2      | Found a faded altar of an unknown god.
  1140 | D:2      | Reached XP level 3. HP: 20/20 MP: 6/11
  1144 | D:2      | Learned a level 3 spell: Mephitic Cloud
  1147 | D:2      | Learned a level 2 spell: Call Imp
  1150 | D:2      | Learned a level 2 spell: Blink
  1397 | D:2      | Reached skill level 1 in Armour
  1741 | D:3      | Reached skill level 1 in Fighting
  2212 | D:3      | Reached XP level 4. HP: 25/25 MP: 11/13
  2834 | D:4      | Noticed a black bear
  2990 | D:4      | Killed a black bear
  2991 | D:4      | Reached skill level 6 in Spellcasting
  2991 | D:4      | Reached XP level 5. HP: 18/29 MP: 4/15
  3022 | D:4      | Noticed Blork the orc
  3103 | D:4      | Killed Blork the orc
  3125 | D:4      | Identified the +5 sling "Emofuomo" {drain, Will- Str+4}
  3167 | D:4      | Reached XP level 6. HP: 20/34 MP: 5/17
  3258 | D:4      | Reached skill level 1 in Air Magic
  3258 | D:4      | Reached skill level 1 in Poison Magic
  3258 | D:4      | Reached skill level 1 in Evocations
  3283 | D:3      | Reached skill level 7 in Spellcasting
  3560 | D:4      | Reached XP level 7. HP: 29/38 MP: 13/20
  3620 | D:4      | Reached skill level 8 in Spellcasting
  4026 | D:5      | Entered Level 5 of the Dungeon
  4081 | D:5      | Found a staircase to the Ecumenical Temple.
  4088 | Temple   | Entered the Ecumenical Temple
  4126 | Temple   | Became a worshipper of Vehumet
  4400 | D:5      | Reached XP level 8. HP: 44/44 MP: 20/22
  4433 | D:5      | Reached skill level 9 in Spellcasting
  4820 | D:5      | Found a runed translucent door.
  4821 | D:5      | Noticed ders's ghost (novice GrEE)
  5404 | D:6      | Found Utoihisch's Weapon Shop.
  5461 | D:6      | Reached skill level 5 in Conjurations
  5555 | D:6      | Noticed a two-headed ogre
  5578 | D:6      | Killed a two-headed ogre
  5579 | D:6      | Reached skill level 10 in Spellcasting
  5579 | D:6      | Reached skill level 5 in Summonings
  5579 | D:6      | Reached XP level 9. HP: 48/48 MP: 21/25
  5765 | D:6      | Learned a level 5 spell: Irradiate
  5839 | D:7      | Reached skill level 11 in Spellcasting
  6118 | D:7      | Reached * piety under Vehumet
  6118 | D:7      | Offered knowledge of Sandblast by Vehumet.
  6558 | D:8      | Noticed Psyche
  6575 | D:8      | Killed Psyche
  6576 | D:8      | Reached skill level 1 in Necromancy
  6576 | D:8      | Reached skill level 1 in Transmutations
  6647 | D:8      | Reached skill level 12 in Spellcasting
  6814 | D:8      | Found Neiz's Neck Hole.
  6839 | D:8      | Reached XP level 10. HP: 25/56 MP: 17/28
  6980 | D:8      | Found a staircase to the Lair.
  7081 | D:8      | Identified the +0 flail "Oliuneem" {elec, rCorr}
  7095 | D:8      | Reached ** piety under Vehumet
  7095 | D:8      | Offered knowledge of Freeze by Vehumet.
  7112 | D:8      | Reached skill level 13 in Spellcasting
  7385 | D:8      | Noticed Joseph
  7399 | D:8      | Killed Joseph
  7732 | D:8      | Noticed Maggie
  7743 | D:8      | Killed Maggie
  7770 | D:8      | Noticed a two-headed ogre
  7783 | D:8      | Killed a two-headed ogre
  7928 | D:9      | Found an ornate altar of the Wu Jian Council.
  8375 | D:9      | Reached skill level 14 in Spellcasting
  8513 | D:9      | Noticed Pikel
  8519 | D:9      | Killed Pikel
  8520 | D:9      | Reached XP level 11. HP: 58/61 MP: 21/31
  8781 | D:9      | Got the Omnibus of Embers
  8784 | D:9      | Learned a level 1 spell: Foxfire
  8817 | D:9      | Offered knowledge of Static Discharge by Vehumet.
  8912 | D:9      | Found a hazy altar of Hepliaklqana.
  9090 | D:10     | Entered Level 10 of the Dungeon
  9152 | D:10     | Noticed a boulder beetle
  9351 | D:10     | Killed a boulder beetle
  9352 | D:10     | Reached skill level 1 in Fire Magic
  9453 | D:10     | Reached *** piety under Vehumet
  9454 | D:10     | Reached skill level 15 in Spellcasting
  9624 | D:10     | Found the amulet of Elemental Vulnerability {rPois rF--
                  | rC-- AC+8}
  9664 | D:10     | Noticed Grum
  9673 | D:10     | Killed Grum
  9976 | D:10     | Found the +5 Storm Queen's Shield {shock, Fly rElec}
  9994 | D:10     | Found a white marble altar of Elyvilon.
 10000 | D:10     | Found a glowing silver altar of Zin.
 10584 | D:11     | Reached skill level 5 in Armour
 10757 | D:11     | Reached skill level 1 in Shields
 10901 | D:11     | Learned a level 5 spell: Fireball
 10908 | D:11     | Learned a level 6 spell: Starburst
 10947 | D:11     | Found a staircase to the Orcish Mines.
 11008 | D:11     | Noticed Urug
 11015 | D:11     | Killed Urug
 11090 | D:11     | Noticed a two-headed ogre
 11094 | D:11     | Killed a two-headed ogre
 11095 | D:11     | Reached skill level 16 in Spellcasting
 11279 | D:12     | Offered knowledge of Airstrike by Vehumet.
 11334 | D:12     | Noticed a deep elf pyromancer
 11337 | D:12     | Killed a deep elf pyromancer
 11743 | D:12     | Reached XP level 12. HP: 66/66 MP: 18/34
 12750 | D:13     | Found a gate leading to a gauntlet.
 12760 | Gauntlet | Entered a Gauntlet
 12760 | Gauntlet | Found a transporter.
 12760 | Gauntlet | Found a transporter.
 12771 | Gauntlet | Found a transporter.
 12781 | Gauntlet | Found a transporter.
 12808 | Gauntlet | Found a transporter.
 12811 | Gauntlet | Found a transporter.
 12816 | Gauntlet | Noticed a hell beast
 12904 | Gauntlet | Found a transporter.
 12933 | Gauntlet | Found a transporter.
 12945 | Gauntlet | Found a transporter.
 12957 | Gauntlet | Found a transporter.
 12984 | Gauntlet | Found a transporter.
 12991 | Gauntlet | Found a transporter.
 13010 | Gauntlet | Found a transporter.
 13021 | Gauntlet | Found a transporter.
 13066 | Gauntlet | Found a transporter.
 13076 | Gauntlet | Noticed a tengu warrior
 13082 | Gauntlet | Found a transporter.
 13245 | Gauntlet | Reached **** piety under Vehumet
 13248 | Gauntlet | Reached skill level 10 in Conjurations
 13402 | Gauntlet | Offered knowledge of Ignite Poison by Vehumet.
 13403 | Gauntlet | Reached skill level 5 in Fire Magic
 13501 | Gauntlet | Killed a hell beast
 13502 | Gauntlet | Reached skill level 17 in Spellcasting
 13588 | Gauntlet | Identified the amulet of Zumn {Spirit MP+9 Str+3}
 13619 | Gauntlet | Identified the +7 scale mail "Hiteto" {Regen+ Stlth+}
 13619 | Gauntlet | Identified the ring of Mirth {rElec rF- Will++ Str+6
                  | Stlth+}
 13619 | Gauntlet | Noticed a minotaur
 13624 | Gauntlet | Killed a minotaur
 13632 | Gauntlet | Identified the +0 fire dragon scales "Umautz" {rElec rF++
                  | rC- Regen+}
 13632 | Gauntlet | Identified the +2 pair of gloves of the Spheres {Str+2}
 13632 | Gauntlet | Identified the ring "Zyntuqao" {rN+ Int+4}
 13663 | D:13     | Noticed Snorg
 13914 | D:13     | Noticed Nessos
 13919 | D:13     | Noticed a vault guard
 13921 | D:13     | Killed Nessos
 13921 | D:13     | Noticed a vault guard
 13921 | D:13     | Noticed a vault guard
 13922 | D:13     | Noticed a vault guard
 13924 | D:13     | Noticed a vault guard
 13924 | D:13     | Noticed a vault guard
 14101 | D:13     | Killed Snorg
 14104 | D:13     | Noticed a vault guard
 14295 | D:13     | Killed a vault guard
 14385 | D:13     | Killed a vault guard
 14565 | D:13     | Found a gate to the Vaults.
 14663 | D:13     | Noticed a vault guard
 14669 | D:13     | Killed a vault guard
 14670 | D:13     | Reached skill level 18 in Spellcasting
 14703 | D:13     | Killed a vault guard
 14750 | D:13     | Killed a vault guard
 14771 | D:13     | Killed a vault guard
 15004 | D:13     | Killed a vault guard
 15765 | D:14     | Reached XP level 13. HP: 70/70 MP: 22/37
 16439 | D:14     | Reached skill level 5 in Shields
 16867 | D:14     | Reached skill level 19 in Spellcasting
 17149 | D:15     | Entered Level 15 of the Dungeon
 17418 | D:15     | Noticed Azrael
 17652 | D:5      | Killed ders's ghost
 17758 | Lair:1   | Entered Level 1 of the Lair of Beasts
 18141 | Lair:1   | Identified the +2 robe "Muemeh" {Will++}
 18225 | Lair:1   | Learned a level 9 spell: Fire Storm
 18477 | Lair:1   | Learned a level 3 spell: Stone Arrow
 18850 | Lair:1   | Reached ***** piety under Vehumet
 18987 | Lair:2   | Offered knowledge of Conjure Ball Lightning by Vehumet.
 19376 | Lair:2   | Reached skill level 20 in Spellcasting
 19820 | Lair:2   | Reached XP level 14. HP: 76/76 MP: 32/40
 19919 | Lair:2   | Found a staircase to the Swamp.
 20113 | Lair:2   | Found a hole to the Spider Nest.
 21036 | Lair:3   | Reached skill level 5 in Fighting
 21402 | Lair:3   | Found a runed translucent door.
 21404 | Lair:3   | Noticed Gymmif's ghost (journeyman DsGl)
 21407 | Lair:3   | Identified the +7 trident of Extremism {protect, rCorr
                  | Int+3}
 21453 | Lair:3   | Offered knowledge of Spellforged Servitor by Vehumet.
 21649 | Lair:3   | Reached skill level 21 in Spellcasting
 22567 | Lair:3   | Killed Gymmif's ghost
 22962 | Lair:4   | Reached skill level 10 in Fire Magic
 23828 | Lair:4   | Offered knowledge of Yara's Violent Unravelling by Vehumet.
 24182 | Lair:4   | Found a shimmering altar of Xom.
 24206 | Lair:4   | Reached XP level 15. HP: 63/84 MP: 11/42
 24727 | Lair:5   | Entered Level 5 of the Lair of Beasts
 25234 | Lair:5   | Reached skill level 22 in Spellcasting
 25692 | Lair:5   | Reached ****** piety under Vehumet
 25903 | Lair:5   | Offered knowledge of Freezing Cloud by Vehumet.
 25918 | Lair:5   | Learned a level 5 spell: Freezing Cloud
 26168 | Lair:5   | Found a viscous altar of Jiyva.
 26168 | Lair:5   | Found a staircase to the Slime Pits.
 26180 | Lair:5   | Found a hide-covered altar of Uskayaw.
 26442 | Lair:5   | Reached skill level 1 in Ice Magic
 26579 | Lair:5   | Reached skill level 1 in Earth Magic
 27398 | Lair:5   | Found a runed translucent door.
 27559 | Lair:5   | Offered knowledge of Eringya's Noxious Bog by Vehumet.
 27981 | Lair:5   | Killed from afar by an ice dragon

Illustrated notes

Levels and vault maps discovered:
D:1:      dpeg_arrival_solitude, layout_rooms
D:2:      layout_basic, shapermc_ecumenical_altar_starsandcircs
D:3:      layout_loops_ring
D:4:      layout_basic, minmay_bent, uniq_blork_the_orc
D:5:      layout_cave_pools, minmay_temple_entry_grid, gammafunk_ghost_grave,
          kennysheep_small_circle
D:6:      layout_basic, serial_shops, nicolae_shop_tiny_glass
D:7:      layout_rooms, corexii_leaking_fountain
D:8:      layout_loops_ring, erik_lair_orcish_takeover, serial_aquarium,
          aquarium_bridge_straight [aquarium_subvault_bridge,
          aquarium_subvault_balcony, aquarium_subvault_bridge,
          aquarium_subvault_window], aquarium_window_corridor_2,
          aquarium_window_2, aquarium_view_2d, aquarium_view_2c,
          aquarium_pool_2, nicolae_shop_sticking_my_neck_out, uniq_maggie,
          uniq_joseph, uniq_psyche
D:9:      layout_stronghold, worldfamousw_hep_ancestral_shrine,
          nzn_wu_jian_contemplation, uniq_pikel
D:10:     layout_basic, mainiacjoe_overflow_large_starburst, uniq_grum
D:11:     layout_big_octagon, orc_0_dummy, chequers_serial_rivers_small_3,
          chequers_arboretum, uniq_urug
D:12:     layout_cave_pods
D:13:     layout_cave_pools, erik_vaults_2, gauntlet_entry_generic, uniq_snorg,
          uniq_nessos
D:14:     layout_long_grid
D:15:     hangedman_depths_entry_civil_slaughter, layout_basic,
          grunt_decor_mini_mirrors, wad_mini_maze, uniq_jorgrun, uniq_louise,
          uniq_azrael
Temple:   regret_index_temple_chain_breaker
Lair:1:   layout_regular_city, roderic_batcave, nicolae_lair_grove_arrangements
Lair:2:   layout_chaotic_city, swamp_mist, hellmonk_spider_entry_life_and_decay,
          infiniplex_staircase_pool_2, grunt_megastairs_1
Lair:3:   lemuel_ratsnest, layout_chaotic_city, ebering_ghost_funeral_grove,
          beast_lair_carwin_8, grunt_megastairs_4
Lair:4:   layout_gridlike, special_room [special_room_mythical_zoo],
          basic_altar, amcnicky_mini_pool_medium
Lair:5:   hangedman_lair_caniforms_friends, layout_regular_city, wormcave,
          dpeg_slime_entry_enclosed, basic_altar, lemuel_fruit_tree

Skill      XL: |  1  2  3  4  5  6  7  8  9 10 11 12 13 14 15 |
---------------+----------------------------------------------+-----
Spellcasting   | 5 6 7 8 10 12 14 16 18 20 21 22 | 22.6
Armour         | 1 3 4 5 6 |  6.1
Fighting       | 1 2 3 4 6 |  6.0
Conjurations   | 2 3 4 5 7 8 9 11 12 13 | 13.9
Dodging        | 3 |  3.2
Stealth        | 3 |  3.2
Air Magic      | 1 |  1.0
Poison Magic   | 1 |  1.0
Evocations     | 1 |  1.0
Summonings     | 2 3 5 6 7 8 |  8.0
Necromancy     | 1 |  1.0
Transmutations | 1 |  1.0
Fire Magic     | 4 6 8 10 11 | 11.1
Shields        | 2 4 6 |  6.0
Ice Magic      | 1 |  1.0
Earth Magic    | 1 |  1.0
Translocations | |  1.1

Action                     |  1- 3 |  4- 6 |  7- 9 | 10-12 | 13-15 || total
---------------------------+-------+-------+-------+-------+-------++-------
  Melee: Dagger            |    80 |    17 |       |       |       ||    97
         Punch             |       |     1 |       |       |       ||     1
   Fire: Sling             |       |    24 |   152 |   259 |    66 ||   501
   Cast: Magic Dart        |    95 |    78 |   111 |    58 |    11 ||   353
         Call Imp          |     1 |     2 |     4 |     1 |     1 ||     9
         Blink             |     1 |       |     3 |     2 |     2 ||     8
         Mephitic Cloud    |       |     4 |    25 |    40 |    12 ||    81
         Irradiate         |       |       |     3 |    36 |     3 ||    42
         Foxfire           |       |       |       |    44 |       ||    44
         Fireball          |       |       |       |    75 |   378 ||   453
         Starburst         |       |       |       |    23 |    80 ||   103
         Stone Arrow       |       |       |       |       |    32 ||    32
         Freezing Cloud    |       |       |       |       |     4 ||     4
    Use: Scroll            |       |       |       |    17 |     8 ||    25
   Stab: Sleeping          |       |     1 |       |       |       ||     1
         Confused          |       |     2 |       |       |       ||     2
 Armour: Robe              |    45 |    21 |    10 |       |       ||    76
         Steam dragon scal |       |       |    24 |       |       ||    24
         Leather armour    |       |       |     1 |    38 |       ||    39
         Acid dragon scale |       |       |       |    52 |       ||    52
         Fire dragon scale |       |       |       |       |   138 ||   138
  Dodge: Dodged            |    93 |    39 |    92 |   143 |    66 ||   433
         Repelled          |       |       |     1 |     3 |     4 ||     8

Table legend: (Time is in decaauts)
 A = Elapsed time spent in this place.
 B = Non-inter-level travel time spent in this place.
 C = Inter-level travel time spent in this place.
 D = Time resting spent in this place.
 E = Time spent auto-exploring this place.
 F = Levels seen in this place.
 G = Mean time per level.
                   A        B        C        D        E       F      G
               +--------+--------+--------+--------+--------+-----+--------+
         Total |  28261 |  26732 |   1529 |   2168 |  20072 |  22 | 1284.6 |
       Dungeon |  16977 |  15653 |   1324 |    787 |  12284 |  15 | 1131.8 |
        Temple |    108 |     86 |     22 |      0 |     25 |   1 |  108.0 |
          Lair |  10282 |  10100 |    182 |   1381 |   7522 |   5 | 2056.4 |
      Gauntlet |    893 |    893 |      0 |      0 |    240 |   1 |  893.0 |
               +--------+--------+--------+--------+--------+-----+--------+

Top non-repeatable levels by time:
  Lair:5: 3269 daAuts
    D:12: 1891 daAuts
  Lair:4: 1870 daAuts
  Lair:2: 1844 daAuts
  Lair:3: 1797 daAuts
    D:14: 1610 daAuts
  Lair:1: 1501 daAuts
     D:8: 1421 daAuts
     D:9: 1331 daAuts
    D:10: 1328 daAuts
    D:13: 1233 daAuts
     D:3: 1187 daAuts
     D:6: 1159 daAuts
    D:11: 1142 daAuts
     D:4: 1060 daAuts
